 Dungeon Sprint DCSS version 0.31-a0-246-g8cbcc1cb85 (webtiles) character file.

Game seed: 6400764799662154927

626 dialectric the Unseen (level 7, -11/37 HPs)
             Began as a Spriggan Brigand on July 12, 2023.
             Was an Initiate of Dithmenos.
             Mangled by Sonja
             ... wielding a +0 short sword of distortion
              (15 damage)
             ... in the Dungeon (Sprint I: "Red Sonja").
             The game lasted 00:01:01 (127 turns).

dialectric the Unseen (Spriggan Brigand)             Turns: 127, Time: 00:01:01

Health: -11/37     AC:  3    Str:  9    XL:     7   Next: 23%
Magic:  8/8        EV: 18    Int: 12    God:    Dithmenos [......]
Gold:   405        SH:  0    Dex: 17    Spells: 6/6 levels left

rFire   . . .        a - +2 dagger
rCold   . . .        (no shield)
rNeg    . . .        b - +0 robe
rPois   .            (helmet restricted)
rElec   .            c - +0 cloak
rCorr   .            (gloves unavailable)
SInv    +            (boots unavailable)
Will    +....        (no amulet)
Stlth   ++++++++     (no ring)
HPRegen 0.26/turn    (no ring)
MPRegen 0.11/turn

%: no teleportation
@: slowed, quick
A: very small, no large weapons, unfitting armour, see invisible, speed 3
a: Renounce Religion


You were in the Dungeon.
You worshipped Dithmenos.
Dithmenos was noncommittal.
You visited 1 branch You collected 405 gold pieces.

Inventory:

Hand Weapons
 a - a +2 dagger (weapon)
Missiles
 d - 9 poisoned darts
 e - a curare-tipped dart (quivered)
Armour
 b - a +0 robe (worn)
 c - a +0 cloak (worn)
Wands
 l - a wand of flame (10)
Scrolls
 k - a scroll of blinking
 m - a scroll of identify {unknown}
 n - a scroll of enchant weapon {unknown}
Potions
 f - a potion of curing
 g - a potion of heal wounds
 h - a potion of haste
 i - 2 potions of magic
 j - a potion of berserk rage


   Skills:
 + Level 4.2 Fighting
 + Level 5.5 Short Blades
 - Level 3.6 Throwing
 + Level 3.2 Dodging
 + Level 20.8 Stealth


You had 6 spell levels left.
You didn't know any spells.
Your spell library was empty.

Dungeon Overview and Level Annotations

Branches:
Dungeon (1/1)

Altars:
Cheibriados
Dithmenos
Elyvilon
Fedhas
Gozag
Hepliaklqana
Kikubaaqudgha
Makhleb
Nemelex Xobeh
Okawaru
Qazlal
Ru
Sif Muna
Trog
Uskayaw
Vehumet
Wu Jian
Xom
Yredelemnul
Zin
The Shining One
Jiyva
Lugonu

Shops:
D (

Annotations:
D Sonja


Innate Abilities, Weirdness & Mutations

You are very small and have problems with some larger weapons.
You are too small for most types of armour.
You have supernaturally acute eyesight. (SInv)
You cover ground extremely quickly. (Speed+++)


Message History

You are poisoned.
You have difficulty breathing.
You feel yourself slow down.
There is an open door here.
You feel very sick.
Unknown command.
You barely miss Sonja.
You feel sick.
Sonja gestures wildly while chanting.
Sonja blinks!
Sonja throws a curare-tipped dart.
The curare-tipped dart misses you.
Unknown command.
Unknown command.
Throw: 3 darts (curare)
Press: ? - help, Q - select action, (/) - cycle Shift-Dir - straight line, f - Sonja
Aim: Sonja, wielding a +0 short sword of distortion and quivering curare-tipped darts (16% to hit)
You throw a curare-tipped dart.
The curare-tipped dart closely misses Sonja.
You feel very sick.
Unknown command.
Throw: 2 darts (curare)
Press: ? - help, Q - select action, (/) - cycle Shift-Dir - straight line, f/p - Sonja
Aim: Sonja, wielding a +0 short sword of distortion and quivering curare-tipped darts (16% to hit)
You throw a curare-tipped dart. The curare-tipped dart misses Sonja.
You feel sick.
Sonja hits you with a +0 short sword of distortion!
* * * LOW HITPOINT WARNING * * *
Sonja closely misses you. x2; Sonja barely misses you. x2
Sonja hits you with a +0 short sword of distortion.
* * * LOW HITPOINT WARNING * * *
Space warps around you.
* * * LOW HITPOINT WARNING * * *
Unknown command.
You feel better. Sonja completely misses you. x2
Sonja hits you with a +0 short sword of distortion.
* * * LOW HITPOINT WARNING * * *
Sonja hits you with a +0 short sword of distortion.
* * * LOW HITPOINT WARNING * * *
Sonja hits you with a +0 short sword of distortion.
* * * LOW HITPOINT WARNING * * *
Space warps horribly around you!
You die...

#..'..#.)'..#..'..'..#
#..#####'#####'#__####
#..####..#...#.####
#..#__####..##.#
#..#_____##'#_.+
#⌠⌠#_.∩..†'..._#
####_..__##_.#'#
#_____###'#.# #######
#@###


+$K$+ #$.$# ##(## #+# You could see Sonja.

Vanquished Creatures
  A slime creature (D)
  Sigmund (D)
  A yak (D)
  An ogre (D)
  A jelly (D)
  Ijyb (D)
6 creatures vanquished.

Notes
Turn   | Place    | Note
-------+----------+-------------------------------------------
     0 | D        | dialectric the Spriggan Brigand began the quest for the
                  | Orb.
     0 | D        | Reached XP level 1. HP: 10/10 MP: 2/2
     3 | D        | Noticed Ijyb
     5 | D        | Killed Ijyb
     6 | D        | Reached skill level 9 in Stealth
     6 | D        | Reached XP level 2. HP: 15/15 MP: 3/3
     8 | D        | Noticed an ogre
    11 | D        | Killed an ogre
    12 | D        | Reached skill level 13 in Stealth
    12 | D        | Reached XP level 3. HP: 19/19 MP: 4/4
    12 | D        | Reached XP level 4. HP: 23/23 MP: 5/5
    14 | D        | Noticed Sigmund
    16 | D        | Killed Sigmund
    17 | D        | Reached skill level 17 in Stealth
    17 | D        | Reached XP level 5. HP: 28/28 MP: 6/6
    17 | D        | Reached XP level 6. HP: 32/32 MP: 7/7
    40 | D        | Found a burning altar of Makhleb.
    40 | D        | Found a shimmering altar of Xom.
    40 | D        | Noticed a slime creature
    41 | D        | Found a viscous altar of Jiyva.
    41 | D        | Found a corrupted altar of Lugonu.
    43 | D        | Killed a slime creature
    44 | D        | Reached skill level 5 in Short Blades
    44 | D        | Reached skill level 19 in Stealth
    61 | D        | Found a shimmering blue altar of Sif Muna.
    62 | D        | Found an ornate altar of the Wu Jian Council.
    63 | D        | Found a radiant altar of Vehumet.
    99 | D        | Found Xoxomeik's Antique Weapon Emporium.
    99 | D        | Found an ancient bone altar of Kikubaaqudgha.
    99 | D        | Found a hazy altar of Hepliaklqana.
    99 | D        | Found a hide-covered altar of Uskayaw.
    99 | D        | Found a basalt altar of Yredelemnul.
    99 | D        | Found an opulent altar of Gozag.
    99 | D        | Found a snail-covered altar of Cheibriados.
    99 | D        | Found a sacrificial altar of Ru.
    99 | D        | Found a shadowy altar of Dithmenos.
    99 | D        | Noticed a yak
   100 | D        | Found a stormy altar of Qazlal.
   100 | D        | Found a blossoming altar of Fedhas.
   100 | D        | Found a bloodstained altar of Trog.
   100 | D        | Found an iron altar of Okawaru.
   100 | D        | Found a glowing golden altar of the Shining One.
   100 | D        | Found a glowing silver altar of Zin.
   100 | D        | Found a white marble altar of Elyvilon.
   101 | D        | Killed a yak
   102 | D        | Reached skill level 20 in Stealth
   102 | D        | Reached XP level 7. HP: 37/37 MP: 8/8
   102 | D        | Found a sparkling altar of Nemelex Xobeh.
   108 | D        | Became a worshipper of Dithmenos the Shadowed
   121 | D        | Noticed Sonja
   127 | D        | Mangled by Sonja

Illustrated notes

Levels and vault maps discovered:
D:        dungeon_sprint_1 [red_sonja_temple_1, red_sonja_temple_small_1]

Skill      XL: |  1  2  3  4  5  6 |
---------------+-------------------+-----
Fighting       | 2 3 4 |  4.2
Stealth        | 9 13 17 20 | 20.8
Short Blades   | 3 4 5 |  5.5
Throwing       | 3 |  3.6
Dodging        | 2 3 |  3.2

Action                     |  1- 3 |  4- 6 |  7- 9 || total
---------------------------+-------+-------+-------++-------
  Melee: Dagger            |     2 |     4 |     1 ||     7
  Throw: Dart              |       |       |     2 ||     2
    Use: Potion            |       |       |     1 ||     1
   Stab: Sleeping          |     2 |     4 |       ||     6
  Dodge: Dodged            |       |       |     7 ||     7

Table legend: (Time is in decaauts)
 A = Elapsed time spent in this place.
 B = Non-inter-level travel time spent in this place.
 C = Inter-level travel time spent in this place.
 D = Time resting spent in this place.
 E = Time spent auto-exploring this place.
 F = Levels seen in this place.
 G = Mean time per level.
                   A        B        C        D        E       F      G
               +--------+--------+--------+--------+--------+-----+--------+
         Total |     92 |     92 |      0 |      0 |      0 |   1 |   92.0 |
       Dungeon |     92 |     92 |      0 |      0 |      0 |   1 |   92.0 |
               +--------+--------+--------+--------+--------+-----+--------+

Top non-repeatable levels by time:
       D: 92 daAuts
